Map: Abyssal Reef LE

Players

LiquidTLO (TLO) - Winner!

  • Race: Zerg Zerg
  • League: Grandmaster
  • Spawn Location: 5:00

Bly

  • Race: Zerg Zerg
  • League: Grandmaster
  • Spawn Location: 11:00

Event: HomeStory Cup XVI

VOD

Have the link to the VOD?

Description

Time

  • Played on: Nov. 10, 2017, 7:40 a.m.
  • Length: 12:54

All games in this series

Show
View Real Time Build Order
Export as new Build Order

LiquidTLO Zerg - Winner!

Build Orders: Hatch First 

Get SALT Encoding   

  12  0:00  Drone  
  13  0:12  Overlord  
  13  0:17  Drone  
  14  0:31  Drone x2  
  16  0:37  Drone  
  17  0:52  Hatchery  
  17  0:55  Drone  
  17  1:09  Spawning Pool  
  16  1:12  Drone  
  16  1:14  Drone  
  18  1:20  Drone  
  19  1:28  Drone  
  20  1:39  Overlord  
  20  1:56  Zergling x2  
  20  1:57  Queen  
  23  2:02  Zergling x2  
  23  2:03  Queen  
  23  2:06  Zergling x2  
  25  2:11  Zergling x2  
  26  2:21  Zergling x2  
  26  2:27  Drone  
  26  2:29  Drone  
  24  2:34  Extractor, Drone  
  24  2:36  Drone  
  25  2:44  Drone  
  26  2:47  Drone  
  27  2:55  Drone  
  30  3:02  Overlord  
  30  3:08  Drone x2  
  30  3:12  Drone  
  32  3:15  Drone  
  33  3:20  Overlord  
  33  3:23  Drone x3  
  33  3:24  Drone x2  
  36  3:31  Drone  
  37  3:35  Drone  
  38  3:43  Drone x2  
  38  3:44  Drone x2  
  38  3:46  Drone  
  38  3:48  Lair  
  43  3:50  Drone  
  43  3:54  Drone  
  43  3:55  Evolution Chamber  
  44  3:58  Drone  
  44  3:59  Extractor  
  44  4:04  Roach Warren  
  44  4:06  Drone  
  44  4:08  Extractor, Drone  
  44  4:10  Drone  
  44  4:12  Drone  
  46  4:17  Drone x2  
  46  4:20  Overlord  
  47  4:25  Zerg Missile Weapons Level 1  
  47  4:28  Overlord  
  47  4:30  Overlord  
  47  4:34  Overlord  
  47  4:41  Overlord  
  47  4:42  Drone  
  48  4:46  Glial Reconstitution  
  48  4:47  Roach x2  
  48  4:50  Roach  
  54  4:56  Roach  
  54  4:58  Roach  
  57  5:01  Roach x2  
  57  5:02  Roach  
  63  5:07  Spore Crawler  
  63  5:09  Roach  
  63  5:12  Roach  
  63  5:13  Evolution Chamber  
  65  5:15  Roach  
  65  5:17  Overseer  
  69  5:21  Roach  
  69  5:25  Roach  
  69  5:26  Roach  
  73  5:31  Roach  
  73  5:32  Roach  
  73  5:36  Drone  
  73  5:37  Drone x2  
  73  5:38  Drone  
  76  5:47  Roach  
  76  5:48  Roach  
  80  5:58  Roach x2  
  80  5:59  Hatchery  
  83  6:21  Zerg Missile Weapons Level 2, Overlord  
  83  6:22  Zerg Ground Armor Level 1  
  83  6:23  Hatchery  
  82  6:27  Roach  
  84  6:33  Roach  
  84  6:39  Drone  
  83  6:41  Drone x2  
  83  6:42  Drone  
  83  6:44  Drone  
  83  6:45  Drone x7  
  82  6:55  Drone  
  82  6:56  Drone  
  76  7:05  Drone  
  76  7:06  Drone  
  70  7:09  Roach  
  70  7:11  Roach x2  
  70  7:13  Tunneling Claws  
  70  7:14  Burrow  
  72  7:17  Roach  
  72  7:19  Roach  
  72  7:22  Extractor  
  75  7:25  Roach x2  
  75  7:26  Roach  
  75  7:29  Drone  
  82  7:31  Roach  
  82  7:35  Roach, Queen  
  88  7:40  Roach x2  
  88  7:41  Roach  
  88  7:42  Extractor  
  88  7:43  Roach  
  95  7:46  Roach  
  95  7:50  Extractor  
  95  7:51  Roach  
  98  7:57  Overlord x2  
  98  7:58  Overlord  
  98  8:01  Overlord  
  98  8:09  Overlord  
  98  8:16  Ravager x4  
  98  8:17  Roach x2  
  98  8:18  Drone x3  
  98  8:19  Roach x2  
  113  8:20  Zergling x2  
  113  8:22  Roach x2, Drone x2  
  120  8:31  Roach  
  120  8:32  Roach  
  120  8:33  Roach  
  126  8:38  Roach  
  126  8:40  Roach  
  130  8:42  Roach  
  130  8:43  Roach x17  
  130  8:44  Roach  
  130  8:47  Roach, Hatchery  
  135  8:49  Roach  
  135  8:51  Overlord  
  137  8:55  Overlord x2  
  137  9:00  Overlord  
  137  9:04  Overlord x2  
  137  9:09  Zerg Ground Armor Level 2  
  137  9:12  Roach  
  137  9:13  Roach  
  141  9:18  Roach  
  141  9:20  Roach, Hydralisk Den  
  141  9:22  Roach  
  146  9:26  Drone x3  
  146  9:28  Roach  
  146  9:29  Ravager x3  
  146  9:30  Ravager x2  
  156  9:33  Roach  
  156  9:35  Roach  
  156  9:37  Roach  
  162  9:39  Roach  
  162  9:42  Roach x2  
  162  9:44  Overlord  
  168  9:47  Roach  
  168  9:49  Roach  
  168  9:51  Roach  
  174  9:54  Muscular Augments  
  174  9:56  Hydralisk  
  174  9:58  Hydralisk  
  178  10:01  Hydralisk  
  178  10:03  Hydralisk  
  178  10:06  Hydralisk  
  184  10:12  Hydralisk  
  184  10:13  Hydralisk  
  188  10:20  Hydralisk x2  
  192  10:21  Hydralisk  
  192  10:26  Roach x2  
  192  10:28  Roach  
  200  10:29  Overseer  
  199  10:37  Spine Crawler  
  198  10:45  Roach  
  197  10:51  Roach  
  199  11:08  Roach  
  199  11:13  Roach x2  
  199  11:16  Roach  
  199  11:18  Roach x2  
  197  11:19  Roach  
  197  11:22  Roach  
  197  11:24  Roach  
  193  11:26  Roach x2  
  193  11:32  Roach  
  194  11:36  Roach  
  194  11:37  Roach  
  194  11:38  Roach  
  190  11:40  Roach  
  190  11:41  Roach  
  190  11:42  Roach x2  
  190  11:43  Roach x3  
  190  11:45  Roach  
  190  11:46  Roach  
  190  11:47  Roach  
  190  11:48  Roach x2  
  190  11:49  Roach  
  190  11:51  Roach  
  186  11:56  Hydralisk x2, Lurker Den  
  187  12:04  Roach  
  187  12:08  Roach  
  189  12:11  Overseer  
  189  12:13  Hydralisk x2  
  189  12:14  Roach, Hydralisk  
  193  12:23  Roach, Hatchery  
  193  12:26  Roach x3  
  193  12:28  Roach x2  
  193  12:29  Roach x3  
  192  12:30  Roach  
  192  12:32  Roach  
  192  12:33  Roach  
Show
View Real Time Build Order
Export as new Build Order

Bly Zerg 

Build Orders: Pool First 

Get SALT Encoding   

  12  0:18  Spawning Pool  
  11  0:22  Drone  
  11  0:26  Drone  
  13  0:30  Drone  
  14  0:40  Overlord  
  14  1:05  Zergling x6  
  17  1:16  Zergling x2  
  18  1:19  Hatchery  
  17  1:27  Zergling x2  
  18  1:34  Queen  
  18  1:39  Zergling x2  
  21  1:49  Overlord  
  21  1:59  Drone  
  21  2:10  Queen  
  21  2:13  Drone  
  24  2:21  Drone  
  21  2:31  Drone  
  21  2:34  Queen, Drone  
  25  2:47  Drone x3  
  28  2:54  Extractor  
  27  2:59  Drone x4  
  31  3:09  Drone  
  32  3:13  Overlord  
  32  3:16  Overlord  
  32  3:18  Drone x2  
  34  3:20  Overlord  
  34  3:34  Drone x5  
  34  3:35  Drone  
  39  3:58  Metabolic Boost  
  39  3:59  Evolution Chamber  
  39  4:02  Roach Warren  
  37  4:15  Evolution Chamber  
  36  4:19  Zergling x8  
  40  4:24  Zergling x2  
  40  4:25  Zergling x16  
  49  4:33  Zergling x4  
  49  4:34  Zerg Missile Weapons Level 1  
  51  4:42  Zergling x4  
  53  5:02  Drone x4  
  53  5:03  Drone x3  
  53  5:06  Overlord  
  60  5:09  Overlord  
  60  5:12  Hatchery  
  59  5:17  Overlord  
  59  5:19  Overlord  
  54  5:34  Drone  
  54  5:35  Drone x4  
  56  5:36  Extractor  
  56  5:38  Extractor  
  54  5:43  Lair  
  54  5:44  Drone x5  
  54  5:48  Drone  
  60  5:59  Roach x2  
  64  6:08  Roach x4  
  72  6:14  Roach  
  73  6:21  Roach, Spore Crawler  
  73  6:22  Roach x3  
  73  6:23  Evolution Chamber  
  79  6:27  Roach x2  
  81  6:37  Roach x3  
  79  6:45  Roach  
  79  6:46  Zergling x2  
  71  6:52  Roach  
  68  6:54  Roach  
  68  7:00  Roach  
  61  7:01  Queen  
  61  7:04  Drone x2  
  61  7:05  Drone x2  
  61  7:06  Drone x2  
  66  7:22  Drone x3  
  67  7:23  Drone  
  67  7:24  Drone  
  67  7:29  Roach  
  71  7:36  Overlord x2  
  71  7:40  Glial Reconstitution  
  72  7:44  Roach x4  
  78  7:53  Roach  
  80  7:58  Spine Crawler  
  80  8:02  Roach x3  
  80  8:03  Spine Crawler, Extractor  
  80  8:04  Roach x4  
  91  8:07  Overseer  
  91  8:10  Ravager  
  92  8:19  Roach x3  
  98  8:24  Roach  
  98  8:25  Roach  
  102  8:30  Overseer  
  102  8:34  Roach x2  
  108  8:41  Roach x3  
  112  8:51  Roach  
  112  8:53  Overlord x3  
  114  9:01  Overlord x2  
  114  9:08  Overseer  
  114  9:13  Drone x3  
  117  9:17  Overlord  
  117  9:18  Zerg Missile Weapons Level 2  
  117  9:22  Drone x3  
  117  9:23  Drone  
  121  9:34  Roach  
  121  9:35  Roach x2  
  127  9:41  Roach x3  
  133  9:48  Roach x2  
  133  9:52  Roach x2  
  141  9:58  Roach x3  
  147  10:04  Overseer  
  147  10:07  Overlord  
  147  10:08  Overlord  
  147  10:14  Overlord x2  
  147  10:17  Overlord  
  147  10:31  Overlord x2  
  147  10:36  Roach x5  
  147  10:40  Ravager x3  
  147  10:41  Ravager x4  
  164  10:54  Roach x2  
  164  10:55  Roach x3  
  174  11:06  Roach  
  174  11:07  Roach x4  
  173  11:14  Roach x3  
  170  11:20  Roach x3  
  170  11:25  Roach x2  
  170  11:32  Roach x2  
  103  11:47  Roach  
  103  11:48  Roach x6  
  103  11:52  Overseer  
  113  12:05  Spire  
  113  12:06  Extractor, Drone x3  
  113  12:07  Drone  
  113  12:08  Extractor  
Tags
 
Add a new tag
Caveats
  • Supply blocks, unpowered buildings, or Contaminate may cause inaccurate times.
  • Supply counts are checked every 10 seconds.